 Dungeon Crawl Stone Soup version 0.22-a0-247-gbddf880 (webtiles) character file.

152 mhoghedin the Grave Robber (level 5, -1/40 HPs)
             Began as a Ghoul Necromancer on Feb 23, 2018.
             Slain by a gnoll
             ... wielding a +0 whip
              (3 damage)
             ... on level 2 of the Dungeon.
             The game lasted 00:09:10 (3581 turns).

mhoghedin the Grave Robber (Ghoul Necromancer)      Turns: 3581, Time: 00:09:11

Health: -1/40      AC:  3    Str: 12    XL:     5   Next: 34%
Magic:  1/6        EV: 11    Int: 11    God:
Gold:   109        SH:  0    Dex:  9    Spells: 2/7 levels left

rFire    . . .     SeeInvis .   c - +0 short sword
rCold    + + .     Gourm    .   (no shield)
rNeg     + + +     Faith    .   f - +0 leather armour {rC+}
rPois    ∞         Spirit   .   (no helmet)
rElec    .         Reflect  .   (no cloak)
rCorr    .         Harm     .   (no gloves)
MR       .....                  (no boots)
Stlth    ++........             (no amulet)
HPRegen  0.00/turn              (no ring)
MPRegen  0.10/turn              (no ring)

@: rotting
A: rotting body, claws 1, carnivore, cold resistance 1, negative energy
resistance 3, inhibited regeneration, torment resistance, unbreathing
a: no special abilities


You were on level 2 of the Dungeon.
You were not hungry.

You visited 1 branch of the dungeon, and saw 3 of its levels.

You collected 109 gold pieces.

Inventory:

Hand Weapons
 c - a +0 short sword (weapon)
   (You took it off a kobold on level 1 of the Dungeon)
 i - a +0 trident
   (You took it off an orc on level 2 of the Dungeon)
Armour
 a - a +1 robe
 f - a +0 leather armour of cold resistance (worn)
   (You took it off an orc on level 2 of the Dungeon)
Scrolls
 d - a scroll of magic mapping {!r}
 e - a scroll of teleportation
Potions
 g - a potion of heal wounds
 k - a potion of curing {unknown}
Comestibles
 b - 4 rations
 h - 5 chunks of flesh {@w0}


   Skills:
 - Level 1.5 Fighting
 - Level 2.3 Short Blades
 + Level 0.9 Polearms
 - Level 1.8 Dodging
 - Level 2.2 Stealth
 - Level 1.8 Spellcasting
 - Level 5.2 Necromancy


You had 2 spell levels left.
You knew the following spells:

 Your Spells              Type           Power        Failure   Level  Hunger
a - Pain                  Necr           ##..         4%          1    ##.....
x - Vampiric Draining     Necr           ##........   13%         3    ####...
A - Animate Skeleton      Necr           N/A          4%          1    ##.....


Dungeon Overview and Level Annotations

Branches:
Dungeon (3/15)

Altars:
Trog


Innate Abilities, Weirdness & Mutations

Your body is rotting away.
You thrive on raw meat.
You are immune to poison.
You have sharp fingernails.
You are carnivorous and can eat meat at any time.
Your flesh is cold resistant. (rC+)
You are immune to negative energy. (rN+++)
You do not regenerate when monsters are visible.
You are immune to unholy pain and torment.
You can survive without breathing.


Message History

You closely miss the orc. The orc barely misses you.
You puncture the orc!
You kill the orc!
No target in view!
Things that are here:
a flail; an orc corpse You attempt to give life to the dead...
Before your eyes, flesh is ripped from the corpse!
The dead are walking!
h - 7 chunks of flesh {@w0} (gained 4)
You now have 5/6 mp.
You see here a tomahawk.
Found a stone staircase leading down.
You see here a dagger.
There is a stone staircase leading down here. 3 gnolls come into view.
Health restored: 40; MP restored: 6 A gnoll comes into view.
The gnoll shouts! x3
Okay, then.
Unknown command.
Aim: a gnoll, wielding a whip (chance to defeat MR: 76%)
The gnoll writhes in agony!
You now have 5/6 mp.
You swap places.
The gnoll barely misses your orc skeleton.
The gnoll hits your orc skeleton with a whip.
Your orc skeleton barely misses the gnoll.
You hit the gnoll.
The gnoll barely misses your orc skeleton.
The gnoll hits you with a whip!
You take 7 damage, and have 33/40 hp.
Unknown command.
Aim: a gnoll, wielding a whip (moderately wounded, chance to defeat MR: 76%)
The gnoll writhes in agony!
The gnoll hits your orc skeleton but does no damage.
Your orc skeleton hits the gnoll with a flail!
The gnoll hits you with a whip.
You take 3 damage, and have 30/40 hp.
You now have 4/6 mp.
Aim: a gnoll, wielding a whip (moderately wounded, chance to defeat MR: 76%)
The gnoll writhes in agony!
The gnoll hits your orc skeleton with a whip!
Your orc skeleton is destroyed!
The gnoll hits you with a whip.
You take 4 damage, and have 26/40 hp.
You now have 3/6 mp.
Aim: a gnoll, wielding a whip (heavily wounded, chance to defeat MR: 76%)
The gnoll writhes in agony!
The gnoll barely misses you.
You now have 2/6 mp.
Aim: a gnoll, wielding a whip (heavily wounded, chance to defeat MR: 76%)
The gnoll writhes in agony!
The gnoll completely misses you.
You now have 1/6 mp.
Aim: a gnoll, wielding a whip (almost dead, chance to defeat MR: 76%)
The gnoll writhes in agony!
You kill the gnoll!
You closely miss the gnoll. The gnoll hits you with a whip.
The gnoll barely misses you.
You take 3 damage, and have 23/40 hp.
Aim: a gnoll, wielding a whip (severely wounded, chance to defeat MR: 76%)
The gnoll writhes in agony!
The gnoll hits you with a whip.
You take 6 damage, and have 17/40 hp.
You now have 0/6 mp.
You barely miss the gnoll. The gnoll barely misses you.
You closely miss the gnoll. The gnoll hits you with a whip.
You take 3 damage, and have 14/40 hp.
You closely miss the gnoll. The gnoll misses you.
The gnoll hits you but does no damage.
Wield which item (- for none, * to show all)? (? for menu, Esc to quit)
c - a +0 short sword (weapon)
You barely miss the gnoll. The gnoll barely misses you.
You hit the gnoll. The gnoll barely misses you.
Some of the chunks of flesh in your inventory have rotted away.
You hit the gnoll.
You kill the gnoll!
You hit the gnoll. The gnoll hits you with a whip!
* * * LOW HITPOINT WARNING * * *
You take 9 damage, and have 5/40 hp.
MASSIVE DAMAGE!!
There is a stone staircase leading down here.
You see here a dagger.
The gnoll misses you.
You see here a tomahawk.
The gnoll hits you with a whip.
* * * LOW HITPOINT WARNING * * *
There is a stone staircase leading up here.
You take 1 damage, and have 4/40 hp.
The gnoll closely misses you.
You climb upwards.
There is a stone staircase leading down here.
Things that are here:
a trident; a club
Aim: a gnoll, wielding a whip (lightly wounded, chance to defeat MR: 76%)
The gnoll writhes in agony!
The gnoll hits you with a whip.
* * * LOW HITPOINT WARNING * * *
You take 2 damage, and have 2/40 hp.
You now have 1/6 mp.
Aim: a gnoll, wielding a whip (heavily wounded, chance to defeat MR: 76%)
The gnoll barely resists.
The gnoll barely misses you.
You now have 0/6 mp.
You hit the gnoll. The gnoll barely misses you.
Your leather armour prevents you from hitting the gnoll.
The gnoll hits you with a whip.
You die...

####.####.#
#.##.## #.#
#.........# #.##.#
#.# #.##.####.#
#.##.# #.# #.##.#
#.###.##.# #.#
#.##.# #...#.##.#
#.##### #.##.#
###.#.##.# #.....#
..##.# #.#.##[#
#####.# ####.#
##.#.##[# #.#
####.#####....)g@#
#.#
..............####
#.#
##########.####
#.# #.# #.# #.#
#.# #.# #.# #.#
#.###
#.############
#...# #####
#....<.......#
###.#


You could see a gnoll.

Vanquished Creatures
  An orc wizard (D:2)
  2 gnolls (D:3)
  2 adders (D:2)
  5 dart slugs
  3 leopard geckos
  7 orcs
  A giant cockroach (D:2)
  5 goblins
  5 hobgoblins
  14 kobolds
  14 bats
  4 frilled lizards
  4 rats (D:1)
67 creatures vanquished.

Vanquished Creatures (collateral kills)
  2 orcs (D:2)
2 creatures vanquished.

Vanquished Creatures (others)
  A frilled lizard (D:3)
1 creature vanquished.

Grand Total: 70 creatures vanquished

Notes
Turn   | Place    | Note
-------+----------+-------------------------------------------
     0 | D:1      | mhoghedin the Ghoul Necromancer began the quest for the Orb.
     0 | D:1      | Reached XP level 1. HP: 14/14 MP: 2/2
   247 | D:1      | Reached XP level 2. HP: 7/20 MP: 1/3
   587 | D:1      | HP: 1/19 [dart slug/slug dart (4)]
   902 | D:1      | Reached XP level 3. HP: 24/25 MP: 1/4
  1136 | D:1      | Learned a level 1 spell: Animate Skeleton
  1140 | D:1      | Learned a level 3 spell: Vampiric Draining
  1484 | D:1      | Reached skill level 1 in Short Blades
  1709 | D:1      | Reached skill level 5 in Necromancy
  2328 | D:2      | Found a bloodstained altar of Trog.
  2427 | D:2      | Reached XP level 4. HP: 27/33 MP: 0/5
  3035 | D:2      | Reached skill level 1 in Fighting
  3035 | D:2      | Reached skill level 2 in Short Blades
  3035 | D:2      | Reached XP level 5. HP: 23/39 MP: 0/6
  3562 | D:3      | HP: 5/40 [gnoll/whip (9)]
  3574 | D:3      | HP: 4/40 [gnoll/whip (1)]
  3581 | D:2      | Slain by a gnoll

Vault maps used:
D:1:      mainiacjoe_arrival_reflecting_pool, st_stairs_7, minmay_tetromino_i4
D:2:      bloody_trog
D:3:      fiery_altar_vehumet

Skill      XL: |  1  2  3  4 |
---------------+-------------+-----
Short Blades   | 1 2 |  2.3
Necromancy     | 5 |  5.2
Fighting       | 1 |  1.5
Polearms       | |  0.9
Dodging        | |  1.8
Stealth        | |  2.2
Spellcasting   | |  1.8

Action                   |  1- 3 |  4- 6 || total
-------------------------+-------+-------++-------
Melee: Unarmed           |     9 |       ||     9
       Short sword       |   107 |    32 ||   139
       Trident           |       |    10 ||    10
 Cast: Pain              |    46 |    46 ||    92
       Animate Skeleton  |       |     7 ||     7
  Use: Scroll            |     4 |     3 ||     7
       Potion            |     2 |       ||     2
 Stab: Sleeping          |     4 |     1 ||     5
  Eat: Chunk             |    10 |     3 ||    13
Armor: Robe              |    33 |    10 ||    43
       Leather armour    |       |     2 ||     2
Dodge: Dodged            |   100 |    69 ||   169

Table legend:
 A = Spawn XP
 B = Non-spawn XP
 C = Spawn XP percentage of total XP
 D = Spawn monster count
 E = Non-spawn monster count
 F = Spawn count percentage of total count
 G = Total turns spent on level
                    A         B        C        D         E        F      G
               +---------+---------+-------+---------+---------+-------+---------
         Total |       0 |     218 |   0.0 |       0 |      69 |   0.0 |  3581
               +---------+---------+-------+---------+---------+-------+---------
           D:1 |       0 |      71 |   0.0 |       0 |      39 |   0.0 |  2078
           D:2 |       0 |     113 |   0.0 |       0 |      25 |   0.0 |  1402
           D:3 |       0 |      34 |   0.0 |       0 |       5 |   0.0 |   101
               +---------+---------+-------+---------+---------+-------+---------

Vault maps used:
D:1:      mainiacjoe_arrival_reflecting_pool, st_stairs_7, minmay_tetromino_i4
D:2:      bloody_trog
D:3:      fiery_altar_vehumet

Table legend:
 A = Turns spent in this place as a percentage of turns spent in the entire game.
 B = Non-inter-level travel turns spent in this place as a percentage of non-inter-level travel turns spent in the entire game.
 C = Inter-level travel turns spent in this place as a percentage of turns spent in this place.
 D = Turns resting spent in this place as a percentage of non-inter-level travel turns spent in this place.
 E = Turns spent auto-exploring this place as a percentage of non-inter-level travel turns spent in this place.
 F = Non-inter-level travel turns spent in this place divided by the number of levels of this place that you've seen.
                   A       B       C       D       E      F
               +-------+-------+-------+-------+-------+----------------------
         Total | 100.0 | 100.0 |   1.6 |  43.2 |  37.3 | 1174.0
       Dungeon | 100.0 | 100.0 |   1.6 |  43.2 |  37.3 | 1174.0
               +-------+-------+-------+-------+-------+----------------------

Table legend:
 A = Kills in this place as a percentage of kills in entire the game.
 B = Kills by you in this place as a percentage of kills by you in the entire game.
 C = Kills by friends in this place as a percentage of kills by friends in the entire game.
 D = Other kills in this place as a percentage of other kills in the entire game.
 E = Experience gained in this place as a percentage of experience gained in the entire game.
 F = Experience gained in this place divided by the number of levels of this place that you have seen.
                   A       B       C       D       E      F
               +-------+-------+-------+-------+-------+----------------------
         Total | 100.0 | 100.0 | 100.0 |   N/A | 100.0 |  72.7
       Dungeon | 100.0 | 100.0 | 100.0 |   N/A | 100.0 |  72.7
               +-------+-------+-------+-------+-------+----------------------
